MWL (24 & UNDER)
MANHATTEN MEATHEADS @ ERIE JAXX
09/02/2028
 
TOP OF THE 1ST
Manhatten Meatheads batting - Pitching for Erie Jaxx : RHP Scott King
Pitching: RHP Scott King
Batting: LHB Eric Dillard 0-0: Ball
1-0: Foul Ball, location: 2F
1-1: Called Strike
1-2: Ball
2-2: Strikes out swinging
Batting: LHB Manuel Ortega 0-0: Foul Ball, location: 2F
0-1: Ball
1-1: Called Strike
1-2: Foul Ball, location: 2F
1-2: Strikes out swinging
Batting: RHB Luis Reynoso 0-0: Called Strike
0-1: Ball
1-1: Foul Ball, location: 2F
1-2: Ball
2-2: Ball
3-2: Base on Balls
Batting: RHB George Green 0-0: Called Strike
0-1: Swinging Strike
0-2: Ball
Luis Reynoso steals 2nd base
1-2: Foul Ball, location: 2F
1-2: Ball
2-2: Ball
3-2: Strikes out swinging
Top of the 1st over - 0 run(s), 0 hit(s), 0 error(s), 1 left on base; Manhatten 0 - Erie 0
BOTTOM OF THE 1ST
Erie Jaxx batting - Pitching for Manhatten Meatheads : LHP Anthony Robinson
Pitching: LHP Anthony Robinson
Batting: RHB Nick Simmons 0-0: Ball
1-0: Fly out, F8 (Flyball, 8RD)
Batting: SHB José Durango 0-0: Called Strike
0-1: Ball
1-1: Foul Ball, location: 2F
1-2: Foul Ball, location: 2F
1-2: Foul Ball, location: 2F
1-2: Foul Ball, location: 2F
1-2: SINGLE (Groundball, 4M) (infield hit)
Batting: RHB Ed Keesee 0-0: Foul Ball, location: 2F
0-1: Swinging Strike
0-2: Ball
1-2: Strikes out swinging
Batting: RHB Ángel Serrano 0-0: Called Strike
0-1: Ball
1-1: Ball
2-1: Fielders Choice at 2nd, 4-6 (Groundball, 4)
Bottom of the 1st over - 0 run(s), 1 hit(s), 0 error(s), 0 left on base; Manhatten 0 - Erie 0
TOP OF THE 2ND
Manhatten Meatheads batting - Pitching for Erie Jaxx : RHP Scott King
Batting: RHB Jeff Vickers 0-0: Called Strike
0-1: Called Strike
0-2: Ball
1-2: Ball
2-2: Ball
3-2: Strikes out swinging
Batting: RHB Manny Velásquez 0-0: Foul Ball, location: 2F
0-1: Swinging Strike
0-2: Strikes out looking
Batting: RHB Tim Bonner 0-0: Called Strike
0-1: Swinging Strike
0-2: Foul Ball, location: 2F
0-2: Ball
1-2: Strikes out swinging
Top of the 2nd over - 0 run(s), 0 hit(s), 0 error(s), 0 left on base; Manhatten 0 - Erie 0
BOTTOM OF THE 2ND
Erie Jaxx batting - Pitching for Manhatten Meatheads : LHP Anthony Robinson
Batting: RHB George Medine 0-0: Ball
1-0: Foul Ball, location: 2F
1-1: Ball
2-1: Foul Ball, location: 2F
2-2: Foul Ball, location: 2F
2-2: Fly out, F4 (Line Drive, 4)
Batting: RHB Danny Morrison 0-0: Called Strike
0-1: Ball
1-1: SINGLE (Line Drive, 3)
Batting: RHB Andrés Silva 0-0: Ball
1-0: Ball
2-0: Called Strike
2-1: Ball
3-1: Foul Ball, location: 2F
3-2: Base on Balls
Danny Morrison to second
Batting: RHB José Hernández 0-0: Ball
1-0: Ball
2-0: Ball
3-0: Called Strike
3-1: Grounds into double play, 6-4-3 (Groundball, 6)
Bottom of the 2nd over - 0 run(s), 1 hit(s), 0 error(s), 1 left on base; Manhatten 0 - Erie 0
TOP OF THE 3RD
Manhatten Meatheads batting - Pitching for Erie Jaxx : RHP Scott King
Batting: LHB Hidalgo García 0-0: Fly out, F8 (Line Drive, 8RM)
Batting: RHB Santiago Díaz 0-0: Called Strike
0-1: Foul Ball, location: 2F
0-2: Strikes out swinging
Batting: LHB Eric Dillard 0-0: Swinging Strike
0-1: Swinging Strike
0-2: Strikes out looking
Top of the 3rd over - 0 run(s), 0 hit(s), 0 error(s), 0 left on base; Manhatten 0 - Erie 0
BOTTOM OF THE 3RD
Erie Jaxx batting - Pitching for Manhatten Meatheads : LHP Anthony Robinson
Batting: RHB Miguel Sánchez 0-0: Called Strike
0-1: DOUBLE (Flyball, 7LM)
Batting: RHB Nick Simmons 0-0: Ball
1-0: Ground out 2-3 (Groundball, 2R)
Miguel Sánchez to third
Batting: SHB José Durango 0-0: Called Strike
0-1: Swinging Strike
0-2: Ball
1-2: Strikes out swinging
Batting: RHB Ed Keesee 0-0: Foul Ball, location: 2F
0-1: Foul Ball, location: 2F
0-2: Ball
1-2: SINGLE (Popup, 6MD)
Miguel Sánchez scores
Batting: RHB Ángel Serrano 0-0: Ball
Ed Keesee is caught stealing 2nd base
Bottom of the 3rd over - 1 run(s), 2 hit(s), 0 error(s), 0 left on base; Manhatten 0 - Erie 1
TOP OF THE 4TH
Manhatten Meatheads batting - Pitching for Erie Jaxx : RHP Scott King
Batting: LHB Manuel Ortega 0-0: Called Strike
0-1: Called Strike
0-2: Ball
1-2: Foul Ball, location: 2F
1-2: Foul Ball, location: 2F
1-2: Strikes out swinging
Batting: RHB Luis Reynoso 0-0: Called Strike
0-1: Swinging Strike
0-2: Foul Ball, location: 2F
0-2: Foul Ball, location: 2F
0-2: Ball
1-2: Strikes out swinging
Batting: RHB George Green 0-0: Called Strike
0-1: Called Strike
0-2: Ball
1-2: Ball
2-2: Foul Ball, location: 2F
2-2: SINGLE (Groundball, 34D)
Batting: RHB Jeff Vickers 0-0: Ball
1-0: Called Strike
1-1: Ball
2-1: Foul Ball, location: 2F
2-2: Strikes out swinging
Top of the 4th over - 0 run(s), 1 hit(s), 0 error(s), 1 left on base; Manhatten 0 - Erie 1
BOTTOM OF THE 4TH
Erie Jaxx batting - Pitching for Manhatten Meatheads : LHP Anthony Robinson
Batting: RHB Ángel Serrano 0-0: Called Strike
0-1: Ball
1-1: SINGLE (Groundball, 34D)
Batting: RHB George Medine 0-0: Called Strike
0-1: Swinging Strike
0-2: Strikes out swinging
Batting: RHB Danny Morrison 0-0: Fly out, F6 (Popup, 6)
Batting: RHB Andrés Silva 0-0: Called Strike
0-1: Fly out, F8 (Line Drive, 8LM)
Bottom of the 4th over - 0 run(s), 1 hit(s), 0 error(s), 1 left on base; Manhatten 0 - Erie 1
TOP OF THE 5TH
Manhatten Meatheads batting - Pitching for Erie Jaxx : RHP Scott King
Batting: RHB Manny Velásquez 0-0: Ball
1-0: Swinging Strike
1-1: Fly out, F8 (Flyball, 8LM)
Batting: RHB Tim Bonner 0-0: Ball
1-0: SINGLE (Line Drive, 78S)
Batting: LHB Hidalgo García Balk!
Tim Bonner to second
0-0: Ball
1-0: Foul Ball, location: 2F
1-1: Ball
2-1: Ball
3-1: Ground out U3 (Groundball, 23)
Tim Bonner to third
Batting: RHB Santiago Díaz 0-0: Foul Ball, location: 2F
0-1: Fly out, F8 (Flyball, 89S)
Top of the 5th over - 0 run(s), 1 hit(s), 0 error(s), 1 left on base; Manhatten 0 - Erie 1
BOTTOM OF THE 5TH
Erie Jaxx batting - Pitching for Manhatten Meatheads : LHP Anthony Robinson
Batting: RHB José Hernández 0-0: Ball
1-0: Swinging Strike
1-1: Ball
2-1: Foul Ball, location: 2F
2-2: TRIPLE (Flyball, 89M)
Batting: RHB Miguel Sánchez 0-0: Called Strike
0-1: Foul Ball, location: 2F
0-2: Strikes out looking
Batting: RHB Nick Simmons 0-0: Ball
1-0: Called Strike
1-1: Fly out, F9 (Flyball, 89M)
Runner from 3rd tags up, OUT at HOME
Bottom of the 5th over - 0 run(s), 1 hit(s), 0 error(s), 0 left on base; Manhatten 0 - Erie 1
TOP OF THE 6TH
Manhatten Meatheads batting - Pitching for Erie Jaxx : RHP Scott King
Batting: LHB Eric Dillard 0-0: Foul Ball, location: 2F
0-1: Swinging Strike
0-2: Ball
1-2: Strikes out swinging
Batting: LHB Manuel Ortega 0-0: Called Strike
0-1: Ball
1-1: Called Strike
1-2: Strikes out swinging
Batting: RHB Luis Reynoso 0-0: Ball
1-0: Ball
2-0: Ball
3-0: Foul Ball, location: 2F
3-1: Foul Ball, location: 2F
3-2: Foul Ball, location: 2F
3-2: Base on Balls
Pitching: RHP Ernest Elliott
Batting: RHB George Green 0-0: Called Strike
0-1: Ball
1-1: Ball
2-1: Foul Ball, location: 2F
2-2: DOUBLE (Flyball, 9LM)
Luis Reynoso to third
Luis Reynoso scores
Batting: RHB Jeff Vickers 0-0: Ball
1-0: Foul Ball, location: 2F
1-1: Swinging Strike
1-2: Foul Ball, location: 2F
1-2: Strikes out looking
Top of the 6th over - 1 run(s), 1 hit(s), 0 error(s), 1 left on base; Manhatten 1 - Erie 1
BOTTOM OF THE 6TH
Erie Jaxx batting - Pitching for Manhatten Meatheads : LHP Anthony Robinson
Batting: SHB José Durango 0-0: Called Strike
0-1: Ball
1-1: Ball
2-1: DOUBLE (Line Drive, 9LS)
Batting: RHB Ed Keesee 0-0: Single, Error in OF, E8, batter to second base
José Durango scores
Batting: RHB Ángel Serrano 0-0: Called Strike
0-1: Ball
1-1: Ball
2-1: Ground out 6-3 (Groundball, 6S)
Ed Keesee to third
Pitching: LHP Miguel Angel Meléndez
Batting: RHB George Medine 0-0: Swinging Strike
0-1: Swinging Strike
0-2: Strikes out swinging
Batting: RHB Danny Morrison 0-0: Ball
1-0: Ball
2-0: Ball
3-0: Called Strike
3-1: Base on Balls
Batting: RHB Andrés Silva 0-0: Ball
1-0: Swinging Strike
1-1: DOUBLE (Line Drive, 78XD)
Ed Keesee scores
Danny Morrison to third
Runner from 3rd tries for Home, SAFE, no throw
Batting: RHB José Hernández 0-0: Called Strike
0-1: Ground out 6-3 (Groundball, 6MD)
Bottom of the 6th over - 3 run(s), 3 hit(s), 1 error(s), 1 left on base; Manhatten 1 - Erie 4
TOP OF THE 7TH
Manhatten Meatheads batting - Pitching for Erie Jaxx : RHP Ernest Elliott
Batting: RHB Manny Velásquez 0-0: Foul Ball, location: 2F
0-1: Foul Ball, location: 2F
0-2: Foul Ball, location: 2F
0-2: Strikes out swinging
Batting: RHB Tim Bonner 0-0: Ball
1-0: Ball
2-0: Swinging Strike
2-1: Ball
3-1: Fly out, F8 (Flyball, 8RM)
Batting: LHB Hidalgo García 0-0: Foul Ball, location: 2F
0-1: Ball
1-1: Called Strike
1-2: Ball
2-2: Strikes out swinging
Top of the 7th over - 0 run(s), 0 hit(s), 0 error(s), 0 left on base; Manhatten 1 - Erie 4
BOTTOM OF THE 7TH
Erie Jaxx batting - Pitching for Manhatten Meatheads : LHP Miguel Angel Meléndez
Batting: RHB Miguel Sánchez 0-0: Ball
1-0: Swinging Strike
1-1: Swinging Strike
1-2: Ball
2-2: Strikes out swinging
Batting: RHB Nick Simmons 0-0: Called Strike
0-1: Fly out, F8 (Flyball, 8RM)
Batting: SHB José Durango 0-0: Ball
1-0: Ground out 1-3 (Groundball, P)
Bottom of the 7th over - 0 run(s), 0 hit(s), 0 error(s), 0 left on base; Manhatten 1 - Erie 4
TOP OF THE 8TH
Manhatten Meatheads batting - Pitching for Erie Jaxx : RHP Ernest Elliott
Batting: RHB Santiago Díaz 0-0: Called Strike
0-1: SINGLE (Groundball, 6D)
Pitching: LHP Francisco Ramírez
Batting: LHB Eric Dillard 0-0: Called Strike
0-1: Ball
1-1: Ball
2-1: Swinging Strike
2-2: Ball
3-2: Strikes out looking
Batting: LHB Manuel Ortega 0-0: Ball
1-0: Hit by Pitch
Santiago Díaz to second
Pitching: RHP Javier Bustamante
Batting: RHB Luis Reynoso 0-0: Fly out, F8 (Flyball, 8RM)
Batting: RHB George Green 0-0: Swinging Strike
0-1: Foul Ball, location: 2F
0-2: Ball
1-2: Ball
2-2: Ball
3-2: Strikes out swinging
Top of the 8th over - 0 run(s), 1 hit(s), 0 error(s), 2 left on base; Manhatten 1 - Erie 4
BOTTOM OF THE 8TH
Erie Jaxx batting - Pitching for Manhatten Meatheads : LHP Miguel Angel Meléndez
Batting: RHB Ed Keesee 0-0: Foul Ball, location: 2F
0-1: Fly out, F4 (Popup, 3D)
Batting: RHB Ángel Serrano 0-0: Ball
1-0: Ball
2-0: Fly out, F8 (Flyball, 8RD)
Batting: RHB George Medine 0-0: Ball
1-0: Called Strike
1-1: Swinging Strike
1-2: Ball
2-2: Strikes out looking
Bottom of the 8th over - 0 run(s), 0 hit(s), 0 error(s), 0 left on base; Manhatten 1 - Erie 4
TOP OF THE 9TH
Manhatten Meatheads batting - Pitching for Erie Jaxx : RHP Javier Bustamante
Pitching: RHP Dan Clark
Batting: RHB Jeff Vickers 0-0: Ball
1-0: Ball
2-0: Ball
3-0: Foul Ball, location: 2F
3-1: Base on Balls
Batting: RHB Manny Velásquez 0-0: Ball
Wild Pitch!
Jeff Vickers to second
1-0: Called Strike
1-1: Fly out, F7 (Flyball, 7)
Batting: RHB Tim Bonner 0-0: Ball
1-0: Foul Ball, location: 2F
1-1: Swinging Strike
1-2: Ball
2-2: Fly out, F4 (Popup, 34D)
Batting: LHB Hidalgo García 0-0: Called Strike
0-1: Swinging Strike
0-2: Ball
1-2: Foul Ball, location: 2F
1-2: Strikes out swinging
Top of the 9th over - 0 run(s), 0 hit(s), 0 error(s), 1 left on base; Manhatten 1 - Erie 4
Tuesday, August 8th, 2017 - OOTP Baseball 17.12 Build 75